 Dungeon Crawl Stone Soup version 0.27-a0-531-gb72ec1a1b6 (webtiles) character file.

Game seed: 16427055546955277473

1306 porpoise the Cudgeller (level 8, -2/49 HPs)
             Began as a Gargoyle Delver on Mar 6, 2021.
             Killed by nerve-wracking pain
             ... invoked by Menkaure
              (5 damage)
             ... on level 5 of the Dungeon.
             The game lasted 00:13:37 (8014 turns).

porpoise the Cudgeller (Gargoyle Delver)            Turns: 8014, Time: 00:13:39

Health: -2/49      AC: 10    Str: 17    XL:     8   Next: 57%
Magic:  8/8        EV: 12    Int: 11    God:
Gold:   272        SH:  0    Dex: 12    Spells: 7/7 levels left

rFire    + . .     SeeInvis .   a - +0 mace
rCold    . . .     Faith    .   (no shield)
rNeg     + . .     Spirit   .   b - +0 leather armour
rPois    ∞         Reflect  .   (no helmet)
rElec    +         Harm     .   n - scarf {+Inv}
rCorr    .         Rampage  .   B - +0 pair of gloves
Will     .....                  (no boots)
Stlth    +++.......             (no amulet)
HPRegen  0.16/turn              s - ring of protection from fire
MPRegen  0.11/turn              (no ring)

@: no status effects
A: negative energy resistance 1, electricity resistance, unbreathing 1,
petrification resistance, miasma immunity, AC +5
a: Evoke Invisibility


You were on level 5 of the Dungeon.
You visited 1 branch of the dungeon, and saw 6 of its levels.

You collected 272 gold pieces.

Inventory:

Hand Weapons
 a - a +0 mace (weapon)
Missiles
 h - 122 stones (quivered)
 j - 91 sling bullets
 o - 36 bolts
Armour
 b - a +0 leather armour (worn)
 n - a scarf of invisibility (worn)
 B - a +0 pair of gloves (worn)
Magical Staves
 x - a staff of poison
Jewellery
 p - a ring of flight
 s - a ring of protection from fire (left hand)
Wands
 g - a wand of digging (3)
Scrolls
 c - a scroll of fog
 d - 4 scrolls of magic mapping
 e - a scroll of fear
 i - 4 scrolls of teleportation
 l - 4 scrolls of noise
 m - a scroll of immolation {unknown}
 t - 2 scrolls of amnesia
 u - a scroll of blinking {unknown}
 y - a scroll of brand weapon {unknown}
 A - a scroll of identify
Potions
 f - 2 potions of haste
 k - 3 potions of lignification
 q - a potion of mutation
 r - a potion of resistance {unknown}
 v - a potion of brilliance {unknown}
 w - a potion of attraction {unknown}
 z - a potion of curing {unknown}
 C - a potion of flight {unknown}


   Skills:
 - Level 5.0 Fighting
 - Level 7.0 Maces & Flails
 - Level 5.0 Armour
 + Level 3.6 Dodging
 - Level 6.1 Stealth
 + Level 0.8 Evocations


You had 7 spell levels left.
You didn't know any spells.
Your spell library contained the following spells:

 Spells                   Type           Power      Damage    Failure   Level
 Animate Skeleton         Necr           0%         N/A       38%         1
 Apportation              Tloc           0%         N/A       38%         1
 Corona                   Hex            0%         N/A       38%         1
 Summon Small Mammal      Summ           0%         N/A       38%         1


Dungeon Overview and Level Annotations

Branches:
Dungeon (6/15)
 Temple: D:4-7

Altars:
Ashenzari
Okawaru

Annotations:
D:4 1 runed translucent door, zarzak's ghost, amateur OpVM
D:5 Menkaure
D:6 3 runed translucent doors, GEC's ghost, novice OpIE


Innate Abilities, Weirdness & Mutations

You are resistant to torment.
Your stone body is resilient. (AC +5)
You are immune to poison.
You resist negative energy. (rN+)
You are resistant to electric shocks. (rElec)
You can survive without breathing.
You are immune to petrification.
You are immune to miasma.


Message History

Menkaure is lightly damaged.
Menkaure closely misses you. The ufetubus closely misses you.
The ufetubus hits you but does no damage.
You barely miss Menkaure.
Menkaure is lightly damaged.
Menkaure closely misses you. The ufetubus closely misses you.
The ufetubus hits you. Menkaure hits you but does no damage.
The ufetubus hits you but does no damage.
The ufetubus hits you.
Okay, then.
You hit Menkaure but do no damage.
Menkaure is lightly damaged.
The ufetubus barely misses you. The ufetubus closely misses you.
Menkaure casts a spell at you. Pain shoots through your body!
You barely miss Menkaure.
Menkaure is lightly damaged.
The ufetubus barely misses you. The ufetubus closely misses you.
Menkaure hits you but does no damage. The ufetubus closely misses you. x2
You hit Menkaure.
Menkaure is heavily damaged.
Menkaure closely misses you. The ufetubus hits you.
* * * LOW HITPOINT WARNING * * *
The ufetubus hits you but does no damage.
You hit Menkaure.
Menkaure is heavily damaged.
The ufetubus hits you but does no damage.
The ufetubus completely misses you.
Menkaure points at you and mumbles some strange words.
Pain shoots through your body!
* * * LOW HITPOINT WARNING * * *
The ufetubus completely misses you. The ufetubus misses you.
You hit Menkaure.
Menkaure is heavily damaged.
Menkaure hits you!
* * * LOW HITPOINT WARNING * * *
The ufetubus misses you. The ufetubus closely misses you.
Menkaure gestures at you while chanting.
Pain shoots through your body!
You die...

...#......## ...........#
...#..#....### ...####......##
...# ##......# ...####.......#
### ..........##..###### #.##
.####.#.........##.#####..# ####
...########>.#.M@)....#...###..##
...###.#....##.5##.........#.....
............#..............#.....
...##..###...............<.##...#
....#.######..#.............##...
....#.##.#....#..........#..#....
...##......#.............####)...
....#......#...............#.....
.#.........##.##......##..[......


You could see Menkaure (fast) and an ufetubus.

Vanquished Creatures
  Grinder (D:6)
  4 ogres
  A necrophage (D:6)
  A centaur (D:4)
  A bullfrog (D:4)
  A scorpion (D:6)
  An orc priest (D:6)
  3 hounds
  A bullfrog skeleton (D:4)
  An iguana (D:5)
  2 worker ants
  2 orc wizards
  6 gnolls
  8 adders
  An ooze (D:2)
  An adder skeleton (D:4)
  3 worms
  2 dart slugs
  3 leopard geckos
  5 orcs
  3 ball pythons
  9 giant cockroaches
  13 goblins
  12 hobgoblins
  10 jackals
  3 quokkas
  8 bats
  5 frilled lizards
  9 kobolds
  3 quokka skeletons
  6 rats
129 creatures vanquished.

Vanquished Creatures (others)
  15 fungi (D:6)
15 creatures vanquished.

Grand Total: 144 creatures vanquished

Notes
Turn   | Place    | Note
-------+----------+-------------------------------------------
     0 | D:5      | porpoise the Gargoyle Delver began the quest for the Orb.
     0 | D:5      | Reached XP level 1. HP: 14/14 MP: 1/1
   121 | D:3      | Reached XP level 2. HP: 16/19 MP: 2/2
   580 | D:1      | Reached XP level 3. HP: 21/23 MP: 3/3
  1198 | D:1      | Reached XP level 4. HP: 29/29 MP: 4/4
  1590 | D:2      | Found a broken altar of Ashenzari.
  1948 | D:2      | Reached skill level 3 in Maces & Flails
  2719 | D:3      | Reached XP level 5. HP: 26/34 MP: 5/5
  3372 | D:4      | Found a runed translucent door.
  3483 | D:4      | Reached skill level 5 in Fighting
  3488 | D:4      | Reached skill level 4 in Maces & Flails
  3816 | D:4      | Noticed zarzak's ghost (amateur OpVM)
  3830 | D:4      | Noticed a centaur
  3832 | D:4      | Reached XP level 6. HP: 40/40 MP: 6/6
  3845 | D:4      | Reached skill level 5 in Maces & Flails
  5583 | D:4      | Reached XP level 7. HP: 42/44 MP: 7/7
  5614 | D:4      | Reached skill level 6 in Maces & Flails
  6284 | D:5      | Reached skill level 1 in Armour
  6592 | D:6      | Noticed Grinder
  6598 | D:6      | Paralysed by Grinder for 3 turns
  6611 | D:6      | Paralysed by Grinder for 5 turns
  6621 | D:6      | Paralysed by Grinder for 7 turns
  6636 | D:6      | Killed Grinder
  6637 | D:6      | Reached skill level 7 in Maces & Flails
  6637 | D:6      | Reached XP level 8. HP: 5/49 MP: 8/8
  7374 | D:6      | Found an iron altar of Okawaru.
  7704 | D:6      | Found a runed translucent gate.
  7705 | D:6      | Found a runed translucent gate.
  7740 | D:6      | Found a runed translucent gate.
  7742 | D:6      | Noticed GEC's ghost (novice OpIE)
  7753 | D:6      | Reached skill level 5 in Armour
  7941 | D:6      | Noticed a five-headed hydra
  7994 | D:6      | Noticed Menkaure
  8014 | D:5      | Killed from afar by Menkaure

Illustrated notes

Levels and vault maps discovered:
D:1:      sevenhm_arrival_forest_fort_small_5, layout_basic
D:2:      layout_basic, nicolae_ashenzari_panopticon
D:3:      layout_basic
D:4:      layout_loops_ring, hellmonk_ghost_happy_afterlife
D:5:      layout_cave_pools
D:6:      layout_basic, minmay_temple_entry_wispy, serial_aquarium,
          aquarium_bridge_square [aquarium_subvault_window,
          aquarium_subvault_bridge, aquarium_subvault_bridge,
          aquarium_subvault_window], aquarium_bridge_long_separate
          [aquarium_subvault_balcony, aquarium_subvault_wall,
          aquarium_subvault_bridge, aquarium_subvault_wall,
          aquarium_subvault_wall, aquarium_subvault_bridge], aquarium_window_2,
          aquarium_window_fake, aquarium_view_2d, gammafunk_ghost_split,
          okawaru_trees_1, uniq_menkaure, uniq_grinder

Skill      XL: |  1  2  3  4  5  6  7  8 |
---------------+-------------------------+-----
Stealth        | 6 |  6.1
Fighting       | 4 5 |  5.0
Maces & Flails | 3 4 5 7 |  7.0
Armour         | 3 5 |  5.0
Dodging        | 3 |  3.6
Evocations     | |  0.8

Action                   |  1- 3 |  4- 6 |  7- 9 || total
-------------------------+-------+-------+-------++-------
Melee: Mace              |   144 |   247 |   173 ||   564
Throw: Stone             |       |       |     1 ||     1
  Use: Scroll            |       |     2 |     3 ||     5
 Stab: Sleeping          |     7 |    14 |     2 ||    23
Armor: Leather armour    |    53 |   125 |    68 ||   246
Dodge: Dodged            |   108 |   146 |   135 ||   389

Table legend: (Time is in decaauts)
 A = Elapsed time spent in this place.
 B = Non-inter-level travel time spent in this place.
 C = Inter-level travel time spent in this place.
 D = Time resting spent in this place.
 E = Time spent auto-exploring this place.
 F = Levels seen in this place.
 G = Mean time per level.
                   A        B        C        D        E       F      G
               +--------+--------+--------+--------+--------+-----+--------+
         Total |   8124 |   7941 |    183 |   3840 |   2676 |   6 | 1354.0 |
       Dungeon |   8124 |   7941 |    183 |   3840 |   2676 |   6 | 1354.0 |
               +--------+--------+--------+--------+--------+-----+--------+

Top non-repeatable levels by time:
     D:4: 2217 daAuts
     D:6: 1425 daAuts
     D:2: 1410 daAuts
     D:3: 1238 daAuts
     D:1: 954 daAuts
     D:5: 877 daAuts
